 Dungeon Crawl Stone Soup version 0.26-a0-504-g0cf6470 (webtiles) character file.

Game seed: 10017351407780211331

2 sauken the Grasshopper (level 1, 0/17 HPs)
             Began as a Barachi Warper on Aug 9, 2020.
             Slain by a hound (3 damage)
             ... on level 2 of the Dungeon.
             The game lasted 00:01:09 (244 turns).

sauken the Grasshopper (Barachi Warper)              Turns: 244, Time: 00:01:10

Health: 0/17       AC:  3    Str: 12    XL:     1   Next: 40%
Magic:  3/3        EV: 12    Int: 13    God:
Gold:   0          SH:  0    Dex: 11    Spells: 4/4 levels left

rFire    . . .     SeeInvis .     - Unarmed
rCold    . . .     Faith    .   (no shield)
rNeg     . . .     Spirit   .   a - +0 leather armour
rPois    .         Reflect  .   (no helmet)
rElec    .         Harm     .   (no cloak)
rCorr    .                      (no gloves)
MR       .....                  (no boots)
Stlth    +.........             (no amulet)
HPRegen  0.05/turn              (no ring)
MPRegen  0.08/turn              (no ring)

@: slow
A: +LOS, swims, slowness 1, strong legs 1
a: Hop


You were on level 2 of the Dungeon.
You visited 1 branch of the dungeon, and saw 2 of its levels.

Inventory:

Missiles
 d - 4 boomerangs of dispersal (quivered) {=f}
 Q - 27 stones
Armour
 a - a +0 leather armour (worn)
Scrolls
 c - a scroll of blinking {!r}
Potions
 b - a potion of curing {unknown}


   Skills:
 + Level 2.5 Fighting
 - Level 1.0 Throwing
 - Level 1.2 Armour
 - Level 2.1 Dodging
 * Level 2.4 Unarmed Combat
 - Level 2.1 Spellcasting
   Level 3.2 Translocations


You had 4 spell levels left.
You didn't know any spells.
Your spell library contained the following spells:

 Spells                   Type           Power        Failure   Level
 Blink                    Tloc           N/A          12%         2
 Gell's Gravitas          Tloc           #.........   24%         3
 Lesser Beckoning         Tloc           #.........   24%         3
 Teleport Other           Tloc           #.......     24%         3
 Passage of Golubria      Tloc           N/A          63%         4


Dungeon Overview and Level Annotations

Branches:
Dungeon (1/15)

Altars:


Innate Abilities, Weirdness & Mutations

You can be seen from farther away. (+LOS)
You can swim through water.
You cover ground slowly.
You can hop short distances.


Message History

The stone hits the hound but does no damage.
The hound bites you.
* * * LOW HITPOINT WARNING * * *
You take 3 damage, and have 5/17 hp.
Unknown command.
Take off which item? (? for menu, Esc to quit)
Okay, then.
Quiver which item? (- for none, * to show all) (? for menu, Esc to quit)
Quivering
d - 5 boomerangs of dispersal {=f} for throwing.
Throwing (i - inventory. (/) - cycle)
d - 5 boomerangs of dispersal (quivered)
{=f}
Aim: a hound You throw a boomerang of dispersal {=f}.
The boomerang of dispersal {=f} barely misses the hound.
The boomerang of dispersal {=f} hits the rat.
The rat blinks!
You kill the rat!
The hound bites you.
* * * LOW HITPOINT WARNING * * *
The hound bites you.
You die...

# . ####.# ..
#....# ... #@#
.... #h####
.....
#ยง...##...K..
###...K.....[
#........#.
#........#
#........#
#........#
####.......

Notes
Turn   | Place    | Note
-------+----------+-------------------------------------------
     0 | D:1      | sauken the Barachi Warper began the quest for the Orb.
     0 | D:1      | Reached XP level 1. HP: 17/17 MP: 3/3
   235 | D:1      | You fall into a shaft and drop 1 floor!
   235 | D:2      | Noticed a hound
   244 | D:2      | HP: 3/17 [hound (2)]
   244 | D:2      | Slain by a hound

Table legend: (Time is in decaauts)
 A = Elapsed time spent in this place.
 B = Non-inter-level travel time spent in this place.
 C = Inter-level travel time spent in this place.
 D = Time resting spent in this place.
 E = Time spent auto-exploring this place.
 F = Levels seen in this place.
 G = Mean time per level.
                   A        B        C        D        E       F      G
               +--------+--------+--------+--------+--------+-----+--------+
         Total |    257 |    257 |      0 |    159 |      0 |   2 |  128.5 |
       Dungeon |    257 |    257 |      0 |    159 |      0 |   2 |  128.5 |
               +--------+--------+--------+--------+--------+-----+--------+

Top non-repeatable levels by time:
     D:1: 247 daAuts
     D:2: 9 daAuts

Table legend:
 A = Kills in this place as a percentage of kills in entire the game.
 B = Kills by you in this place as a percentage of kills by you in the entire game.
 C = Kills by friends in this place as a percentage of kills by friends in the entire game.
 D = Other kills in this place as a percentage of other kills in the entire game.
 E = Experience gained in this place as a percentage of experience gained in the entire game.
 F = Experience gained in this place divided by the number of levels of this place that you have seen.
                   A       B       C       D       E      F
               +-------+-------+-------+-------+-------+----------------------
         Total | 100.0 | 100.0 |   N/A |   N/A | 100.0 |   2.0
       Dungeon | 100.0 | 100.0 |   N/A |   N/A | 100.0 |   2.0
               +-------+-------+-------+-------+-------+----------------------

Action                   || total
-------------------------++-------
Melee: Unarmed           ||     6
Throw: Stone             ||     2
       Boomerang         ||     1
Armor: Leather armour    ||     1
Dodge: Dodged            ||     9

Vanquished Creatures
  A kobold (D:1)
  2 rats
3 creatures vanquished. You could see a hound.

Levels and vault maps discovered:
D:1:      dpeg_arrival_arbitrary_a, layout_basic, serial_forest,
          infiniplex_forest_lined_2, infiniplex_forest_fountain,
          infiniplex_forest_end_3, infiniplex_forest_end_2,
          infiniplex_forest_zigzag_2, infiniplex_forest_clump_C,
          infiniplex_forest_diagonal, lemuel_another_geyser
D:2:      layout_basic, old_standard_altar, vehumet_crystals
